 Dungeon Crawl Stone Soup version 0.28-a0-863-g8cecda6153 (webtiles) character file.

Game seed: 8771943924904523887

20449 ytrimaz the Cleaver (level 13, -4/105 HPs)
             Began as a Formicid Fighter on Nov 17, 2021.
             Was a High Priest of Okawaru.
             Engulfed by an ice statue's freezing vapour (9 damage)
             ... in an ice cave.
             The game lasted 00:20:16 (17800 turns).

ytrimaz the Cleaver (Formicid Fighter)             Turns: 17800, Time: 00:20:17

Health: -4/105     AC: 22    Str: 26    XL:     13   Next: 12%
Magic:  17/18      EV: 11    Int: 12    God:    Okawaru [*****.]
Gold:   1094       SH: 11    Dex: 16    Spells: 12/12 levels left

rFire   + + .      SeeInvis +   b - +12 battleaxe of Xorim {vorpal, rElec Int+4 Stlth-}
rCold   + . .      Faith    .   c - +0 buckler
rNeg    . . .      Spirit   .   l - +0 chain mail
rPois   +          Reflect  +   (helmet unavailable)
rElec   +          Harm     .   M - +2 cloak {rCorr}
rCorr   +          Rampage  .   g - +2 pair of gloves
Will    +....                   d - +0 pair of boots
Stlth   ..........              F - amulet of reflection
HPRegen 0.27/turn               D - ring of protection from fire
MPRegen 0.16/turn               I - +6 ring of dexterity

@: resistant, heroic
A: permanent stasis, dig shafts and tunnels, antennae 3, four strong arms
a: Dig, Renounce Religion, Heroism, Finesse, Duel


You were in an ice cave.
You worshipped Okawaru.
Okawaru was extremely pleased with you.
You visited 2 branches of the dungeon, and saw 14 of its levels.
You also visited: Sewer and Ice Cave.

You collected 1094 gold pieces.

Inventory:

Hand Weapons
 a - a +1 spectral war axe
 b - the +12 battleaxe of Xorim (weapon) {vorpal, rElec Int+4 Stlth-}
   (You acquired it on level 13 of the Dungeon)

   It inflicts extra damage upon your enemies.
   Int:       It affects your intelligence (+4).
   rElec:     It insulates you from electricity.
   Stlth:     It makes you less stealthy.
 w - a +0 broad axe of venom
 x - a +5 demon whip of draining
Missiles
 j - 22 poisoned darts
 m - 2 throwing nets
 A - 2 javelins
 B - 2 silver boomerangs (quivered)
Armour
 c - a +0 buckler (worn)
 d - a +0 pair of boots (worn)
 g - a +2 pair of gloves (worn)
 h - a +0 troll leather armour
 l - a +0 chain mail (worn)
 M - a +2 cloak of preservation (worn)
 O - a +0 pair of gloves of archery
Jewellery
 f - an amulet of guardian spirit
 p - a +4 ring of evasion
 s - a +6 ring of intelligence
 y - an amulet of the acrobat
 D - a ring of protection from fire (left hand)
 F - an amulet of reflection (around neck)
 I - a +6 ring of dexterity (right hand)
 K - a ring of positive energy
Wands
 r - a wand of flame (35)
 t - a wand of acid (17)
 z - a wand of digging (3)
 E - a wand of iceblast (5)
 H - a wand of polymorph (7)
Scrolls
 e - 2 scrolls of noise
 i - 2 scrolls of enchant weapon
 q - 3 scrolls of amnesia
 u - 11 scrolls of identify
 C - a scroll of fear
 P - a scroll of fog
Potions
 k - 4 potions of flight
 n - a potion of resistance
 o - a potion of brilliance
 v - 2 potions of invisibility
 G - a potion of lignification
 L - 2 potions of berserk rage
 N - a potion of ambrosia


   Skills:
 * Level 10.8(15.8) Fighting
 * Level 14.8(19.8) Axes
 - Level 1.7(14.7) Maces & Flails
 - Level 2.3(7.3) Throwing
 + Level 10.4(15.4) Armour
 - Level 3.6(8.6) Shields
 * Level 7.6 Invocations


You had 12 spell levels left.
You didn't know any spells.
Your spell library contained the following spells:

 Spells                   Type           Power      Damage    Failure   Level
 Sting                    Tmut/Pois      0%         1d3       77%         1
 Poisonous Vapours        Pois/Air       0%         N/A       88%         2
 Static Discharge         Conj/Air       0%         N/A       88%         2
 Sublimation of Blood     Necr           0%         N/A       88%         2
 Wereblood                Tmut           0%         N/A       88%         2
 Frozen Ramparts          Ice            0%         1d2       98%         3
 Ignite Poison            Fire/Tmut/Pois 0%         N/A       98%         3
 Spider Form              Tmut/Pois      0%         N/A       98%         3
 Cause Fear               Hex            0%         N/A       100%        4
 Ice Form                 Ice/Tmut       0%         N/A       100%        4
 Olgreb's Toxic Radiance  Pois           0%         N/A       100%        4
 Lightning Bolt           Conj/Air       0%         1d11      100%        5
 Manifold Assault         Tloc           0%         N/A       100%        5
 Conjure Ball Lightning   Conj/Air       0%         3x3d6     100%        6
 Dragon Form              Tmut           0%         N/A       100%        7
 Storm Form               Tmut/Air       0%         N/A       100%        7
 Discord                  Hex            0%         N/A       100%        8
 Disjunction              Tloc           0%         N/A       100%        8
 Maxwell's Capacitive Co  Air            0%         ∞         100%        8
 Blink                    Tloc           Unusable   N/A       N/A         2
 Summon Guardian Golem    Hex/Summ       Unusable   N/A       N/A         3
 Summon Ice Beast         Ice/Summ       Unusable   N/A       N/A         4
 Summon Lightning Spire   Summ/Air       Unusable   N/A       N/A         4
 Summon Hydra             Summ           Unusable   N/A       N/A         7
 Dragon's Call            Summ           Unusable   N/A       N/A         9

Dungeon Overview and Level Annotations

Branches:
Dungeon (13/15)            Temple (1/1) D:5            Lair (0/6) D:8
    Orc (0/2) D:9           Sewer (visited)           IceCv (1/1)
 Vaults: D:13-14

Altars:
Ashenzari
Cheibriados
Dithmenos
Elyvilon
Fedhas
Gozag
Hepliaklqana
Kikubaaqudgha
Makhleb
Nemelex Xobeh
Okawaru
Qazlal
Ru
Sif Muna
Trog
Uskayaw
Vehumet
Wu Jian
Xom
Yredelemnul
Zin
The Shining One

Shops:
D:9 =

Annotations:
D:7 1 runed translucent door IceCv 1 transporter, exclusion: 2 ice statues


Innate Abilities, Weirdness & Mutations

You cannot be hasted, slowed, berserked, paralysed or teleported.
You can dig through walls and to a lower floor.
You have a pair of large antennae on your head. (SInv)
Your four strong arms can wield two-handed weapons with a shield.


Message History

You completely miss the ice beast.
You are engulfed in freezing vapours.
You resist.
* * * LOW HITPOINT WARNING * * *
The ice beast hits you but does no damage.
Unknown command.
Unknown command.
You feel better.
You are engulfed in freezing vapours.
You resist.
* * * LOW HITPOINT WARNING * * *
The ice beast barely misses you. You block the ice beast's attack.
Unknown command.
Okay, then.
You hit the ice statue.
The ice statue is severely damaged.
You closely miss the ice beast. You slash the ice beast!
You are engulfed in freezing vapours.
You resist. The ice beast barely misses you. You block the ice beast's attack.
Unknown command.
Your chain mail prevents you from hitting the ice statue.
The ice statue is severely damaged.
You slice the ice beast!!
You kill the ice beast!
The ice beast disappears in a puff of smoke!
You completely miss the ice beast.
You are engulfed in freezing vapours.
You resist.
The ice statue gestures.
Unknown command.
You slash the ice statue!
The ice statue is almost destroyed.
You slice the ice beast!!
You are engulfed in freezing vapours.
You resist.
* * * LOW HITPOINT WARNING * * *
The ice beast hits you but does no damage.
The ice statue gestures at you. The bolt of cold misses you.
The bolt of cold hits the ice beast.
The ice beast completely resists.
Unknown command.
You slash the ice statue!
The ice statue is almost destroyed.
You closely miss the ice beast. You hit the ice beast.
You are engulfed in freezing vapours.
You resist.
You die...

##### ####
####...### ##.∩#
##........####8..#
##..........##8.○.#
#...........#8○°°8#
.......8..).#.○°@.#
.........|.8#.○YY§#
.∩.∩...."[©©#©☼.°°#
.........[.8#...=)#
.......8....#...Y.#
#...........#8...8#
##..........##8...#
##........####8..#
####...### #.©#


You could see 2 ice statues and 3 ice beasts.

Vanquished Creatures
  A hydra (D:12)
  A boulder beetle (D:11)
  4 two-headed ogres
  An orc knight (D:11)
  2 deep elf pyromancers
  An ugly thing (IceCv)
  A manticore (D:7)
  Maurice (D:10)
  Joseph (D:9)
  A gargoyle (D:11)
  2 rime drakes (D:13)
  3 unseen horrors
  2 komodo dragons
  A freezing wraith (IceCv)
  An anaconda simulacrum (IceCv)
  A tengu conjurer (D:11)
  5 trolls
  4 wraiths
  2 shadows
  2 vampires
  A basilisk (D:11)
  15 yaks
  3 vampire mosquitoes (D:12)
  An acid dragon (D:10)
  15 orc warriors
  2 black bears
  A swamp drake (D:9)
  A sky beast (D:7)
  13 centaurs
  3 ogres
  3 necrophages
  A phantom (D:7)
  3 kobold brigands
  5 bullfrogs
  A cane toad simulacrum (IceCv)
  A gnoll sergeant (D:12)
  A wyvern zombie (D:8)
  2 scorpions (D:5)
  A wyvern skeleton (D:7)
  An elephant simulacrum (IceCv)
  3 killer bees (D:11)
  9 wights
  5 howler monkeys
  3 centaur zombies
  3 jellies
  A gnoll shaman (D:10)
  A bullfrog skeleton (D:4)
  7 orc priests
  3 iguanas
  12 orc wizards
  A killer bee zombie (D:7)
  A hound zombie (D:5)
  A howler monkey zombie (D:10)
  10 gnolls
  A howler monkey skeleton (D:7)
  8 adders
  2 river rats
  A shadow imp (D:5)
  3 white imps (D:6)
  2 adder skeletons (D:4)
  A worm (D:2)
  A dart slug (D:1)
  49 orcs
  8 bats
  4 endoplasms
  5 giant cockroaches
  6 goblins
  4 hobgoblins
  8 jackals
  4 quokkas
  8 ball pythons
  3 frilled lizards
  17 kobolds
  A quokka skeleton (D:4)
  8 rats
315 creatures vanquished.

Vanquished Creatures (others)
  9 plants
9 creatures vanquished.

Grand Total: 324 creatures vanquished

Notes
Turn   | Place    | Note
-------+----------+-------------------------------------------
     0 | D:1      | ytrimaz the Formicid Fighter began the quest for the Orb.
     0 | D:1      | Reached XP level 1. HP: 18/18 MP: 1/1
   247 | D:1      | Reached XP level 2. HP: 20/24 MP: 2/2
   553 | D:1      | Reached XP level 3. HP: 24/29 MP: 3/3
   757 | D:1      | Reached skill level 3 in Axes
  1105 | D:2      | Found a faded altar of an unknown god.
  1289 | D:2      | Reached XP level 4. HP: 18/36 MP: 4/4
  2051 | D:3      | Found a glowing drain.
  2097 | Sewer    | Entered a sewer
  2325 | Sewer    | Noticed a kobold brigand
  2367 | Sewer    | Killed a kobold brigand
  2368 | Sewer    | Reached skill level 4 in Axes
  2368 | Sewer    | Reached XP level 5. HP: 8/42 MP: 2/5
  2642 | Sewer    | Found a white marble altar of Elyvilon.
  2919 | D:3      | Found a stormy altar of Qazlal.
  2920 | D:3      | Found a sparkling altar of Nemelex Xobeh.
  2936 | D:3      | Reached XP level 6. HP: 29/48 MP: 3/6
  3394 | D:4      | Noticed an ogre
  3402 | D:4      | Killed an ogre
  3403 | D:4      | Reached skill level 5 in Axes
  3564 | D:4      | Reached XP level 7. HP: 51/54 MP: 7/7
  3763 | D:4      | Reached skill level 6 in Axes
  4621 | D:5      | Entered Level 5 of the Dungeon
  4832 | D:5      | Reached skill level 5 in Armour
  4836 | D:5      | Reached skill level 7 in Axes
  4847 | D:5      | Reached XP level 8. HP: 61/61 MP: 8/8
  5035 | D:5      | Found a staircase to the Ecumenical Temple.
  5139 | Temple   | Entered the Ecumenical Temple
  5458 | Temple   | Became a worshipper of Warmaster Okawaru
  5999 | D:5      | Reached skill level 8 in Axes
  6416 | D:5      | HP: 2/61 [orc warrior (7)]
  6441 | D:5      | You fall into a shaft and drop 1 floor!
  7157 | D:5      | Reached * piety under Okawaru
  7614 | D:6      | Reached skill level 5 in Fighting
  8088 | D:6      | Reached XP level 9. HP: 57/66 MP: 9/9
  8345 | D:6      | Noticed a troll
  8390 | D:6      | Killed a troll
  8391 | D:6      | Reached skill level 9 in Axes
  8391 | D:6      | Reached skill level 1 in Throwing
  8616 | D:7      | Reached ** piety under Okawaru
  8629 | D:7      | Reached skill level 10 in Axes
  9222 | D:7      | Reached XP level 10. HP: 56/76 MP: 8/10
  9236 | D:7      | Noticed an unseen horror
  9256 | D:7      | Reached *** piety under Okawaru
  9257 | D:7      | Reached skill level 1 in Invocations
  9267 | D:7      | Killed an unseen horror
  9280 | D:7      | Reached skill level 11 in Axes
  9316 | D:7      | Noticed a two-headed ogre
  9710 | D:7      | Noticed a manticore
  9718 | D:7      | Killed a manticore
  9982 | D:7      | Noticed a two-headed ogre
  9991 | D:7      | Killed a two-headed ogre
  9991 | D:7      | Reached **** piety under Okawaru
 10208 | D:7      | Got The Foundations of Rites and Rhymes
 10236 | D:7      | Found a runed translucent door.
 10237 | D:7      | Noticed a two-headed ogre
 10238 | D:7      | Noticed a kobold demonologist
 10549 | D:8      | Reached skill level 1 in Maces & Flails
 11164 | D:8      | Found a staircase to the Lair.
 11165 | D:8      | Noticed a komodo dragon
 11179 | D:8      | Killed a komodo dragon
 11180 | D:8      | Reached XP level 11. HP: 76/85 MP: 12/14
 11337 | D:9      | Reached ***** piety under Okawaru
 11591 | D:9      | Noticed Joseph
 11788 | D:9      | Killed Joseph
 11788 | D:9      | HP: 4/86 [poisoned by a kobold brigand (curare-tipped
                  | dart)]
 12136 | D:9      | Noticed a two-headed ogre
 12273 | D:9      | Killed a two-headed ogre
 12274 | D:9      | Reached skill level 12 in Axes
 12274 | D:9      | Reached skill level 5 in Invocations
 12511 | D:9      | Found Hipnyxt's Jewellery Shop.
 12936 | D:9      | Found a staircase to the Orcish Mines.
 13269 | D:10     | Entered Level 10 of the Dungeon
 14044 | D:10     | Noticed Maurice
 14052 | D:10     | Killed Maurice
 14661 | D:11     | Noticed a two-headed ogre
 14676 | D:11     | Killed a two-headed ogre
 14676 | D:11     | Received a gift from Okawaru
 14677 | D:11     | Reached skill level 13 in Axes
 14677 | D:11     | Reached XP level 12. HP: 31/95 MP: 8/16
 15377 | D:11     | Noticed a boulder beetle
 15392 | D:11     | Killed a boulder beetle
 15769 | D:11     | Reached skill level 10 in Armour
 15878 | D:11     | Reached skill level 10 in Fighting
 16414 | D:12     | Noticed an eight-headed hydra
 16433 | D:11     | Reached skill level 14 in Axes
 16561 | D:12     | Killed an 18-headed hydra
 16811 | D:12     | Noticed a two-headed ogre
 16817 | D:12     | Killed a two-headed ogre
 17091 | D:12     | Reached ****** piety under Okawaru
 17222 | D:12     | Reached XP level 13. HP: 88/104 MP: 18/18
 17347 | D:13     | Found a frozen archway.
 17404 | D:13     | Identified a scroll of acquirement
 17406 | D:13     | Acquired the +12 battleaxe of Xorim {vorpal, rElec Int+4
                  | Stlth-}
 17415 | IceCv    | Entered an ice cave
 17417 | IceCv    | Found a transporter.
 17430 | IceCv    | Found a transporter.
 17795 | IceCv    | HP: 5/105 [ice statue] (7)]
 17800 | IceCv    | Engulfed by an ice statue's freezing vapour

Illustrated notes

Levels and vault maps discovered:
D:1:      dpeg_arrival_water_temple_mockup, layout_basic
D:2:      layout_basic, hellmonk_ecumenical_altar_blasted, hangedman_glass_teeth
D:3:      layout_basic, nicolae_overflow_squiral, cheibrodos_sewer_entry_sluice
D:4:      layout_basic, kennysheep_boxes
D:5:      layout_loops_cross, minmay_temple_entry_gardened_gates,
          grunt_tough_drop
D:6:      layout_gridville
D:7:      minmay_the_grid_triangle_9x9_recursive_2
          [minmay_the_grid_triangle_9x9_prize_center,
          minmay_the_grid_triangle_9x9_wacky_v,
          minmay_the_grid_triangle_9x9_subtriangle,
          minmay_the_grid_triangle_9x9_windchime], layout_basic,
          eino_tiny_chamber
D:8:      layout_basic, david_lair_shrubbed, kennysheep_flooded_box
D:9:      layout_cave_pools, erik_orc_1, serial_shops, shop, uniq_joseph
D:10:     layout_roguey, uniq_maurice
D:11:     layout_roguey [special_room_orc], kb_rosetta
D:12:     layout_gridville
D:13:     layout_cave_pools, serial_ice, serial_ice_d, serial_ice_f,
          serial_ice_h, serial_ice_b, serial_ice_m, serial_ice_o,
          portal_ice_cave_rime, serial_shops, shop, uniq_jorgrun
Temple:   mainiacjoe_temple_cubbyholes
IceCv:    ice_cave_statue_garden_transporter

Skill      XL: |  1  2  3  4  5  6  7  8  9 10 11 12 |
---------------+-------------------------------------+-----
Axes           | 3 4 5 7 8 10 11 13 14 | 14.8
Armour         | 4 5 6 7 8 9 10 | 10.4
Fighting       | 4 5 7 9 10 | 10.8
Throwing       | 2 |  2.3
Invocations    | 4 6 7 |  7.6
Maces & Flails | 1 |  1.7
Shields        | |  3.6

Action                   |  1- 3 |  4- 6 |  7- 9 | 10-12 | 13-15 || total
-------------------------+-------+-------+-------+-------+-------++-------
Melee: War axe           |   109 |   114 |   295 |   364 |     6 ||   888
       Demon whip        |       |       |       |    37 |       ||    37
       Battleaxe         |       |       |       |       |    21 ||    21
Throw: Dart              |       |       |    11 |       |       ||    11
       Throwing net      |       |       |     6 |       |       ||     6
       Javelin           |       |       |       |     4 |       ||     4
       Boomerang         |       |       |       |     2 |       ||     2
Invok: Heroism           |       |       |       |     5 |     3 ||     8
       Finesse           |       |       |       |     4 |     1 ||     5
 Abil: Dig               |       |       |     3 |       |       ||     3
       Shaft Self        |       |       |     1 |       |       ||     1
Evoke: Wand              |       |       |       |     3 |       ||     3
  Use: Scroll            |     3 |     1 |     7 |     3 |     5 ||    19
       Potion            |       |     5 |     7 |     4 |     3 ||    19
 Stab: Distracted        |       |       |       |     7 |       ||     7
       Confused          |       |       |       |     1 |       ||     1
Armor: Scale mail        |    72 |    72 |    50 |       |       ||   194
       Chain mail        |       |       |    59 |   239 |    15 ||   313
       Skin              |       |       |    11 |       |       ||    11
Dodge: Dodged            |    76 |    67 |   115 |   148 |    13 ||   419
Block: Buckler           |    29 |    37 |    51 |   144 |     8 ||   269
       Reflection        |       |       |       |    10 |       ||    10

Table legend: (Time is in decaauts)
 A = Elapsed time spent in this place.
 B = Non-inter-level travel time spent in this place.
 C = Inter-level travel time spent in this place.
 D = Time resting spent in this place.
 E = Time spent auto-exploring this place.
 F = Levels seen in this place.
 G = Mean time per level.
                   A        B        C        D        E       F      G
               +--------+--------+--------+--------+--------+-----+--------+
         Total |  17863 |  17292 |    571 |   4166 |  10424 |  16 | 1116.4 |
       Dungeon |  16497 |  15962 |    535 |   3509 |   9928 |  13 | 1269.0 |
        Temple |    356 |    320 |     36 |      0 |    289 |   1 |  356.0 |
         Sewer |    629 |    629 |      0 |    328 |    206 |   1 |  629.0 |
      Ice Cave |    378 |    378 |      0 |    329 |      0 |   1 |  378.0 |
               +--------+--------+--------+--------+--------+-----+--------+

Top non-repeatable levels by time:
     D:5: 2078 daAuts
    D:11: 2076 daAuts
     D:6: 1845 daAuts
     D:8: 1763 daAuts
     D:7: 1505 daAuts
     D:4: 1291 daAuts
     D:9: 1110 daAuts
     D:1: 1075 daAuts
    D:10: 1068 daAuts
     D:2: 968 daAuts
    D:12: 859 daAuts
     D:3: 772 daAuts
   Sewer: 629 daAuts
   IceCv: 378 daAuts
  Temple: 356 daAuts
